 Dungeon Crawl Stone Soup version 0.27-a0-1182-gee19b5822f (webtiles) character file.

Game seed: 13064515231943655108

3159 PolarisCt the Sculptor of Flesh (level 9, -3/82 HPs)
             Began as a Deep Dwarf Fighter on May 18, 2021.
             Was an Elder of Yredelemnul.
             Splashed by an acid dragon's acid (7 damage)
             ... on level 7 of the Dungeon.
             The game lasted 01:05:32 (7238 turns).

PolarisCt the Sculptor of Flesh (DDFi)              Turns: 7238, Time: 01:05:33

Health: -3/82      AC:  1    Str: 22    XL:     9   Next: 62%
Magic:  11/11      EV: 10    Int: 10    God:    Yredelemnul [****..]
Gold:   308        SH: 12    Dex: 12    Spells: 8/8 levels left

rFire    . . .     SeeInvis .   s - +0 trident
rCold    . . .     Faith    .   c - +1 kite shield
rNeg     . . .     Spirit   .   E - +0 chain mail
rPois    +         Reflect  .   w - +0 helmet
rElec    .         Harm     .   (no cloak)
rCorr    .         Rampage  .   t - +0 pair of gloves
Will     +....                  (no boots)
Stlth    ..........             (no amulet)
HPRegen  0.00/turn              z - +4 ring of evasion
MPRegen  0.12/turn              o - ring of poison resistance

@: corroded
A: damage resistance, heal wounds, sense surroundings 2, no regeneration
a: Heal Wounds, Renounce Religion, Recall Undead Slaves, Injury Mirror, Animate
Dead, Drain Life


You were on level 7 of the Dungeon.
You worshipped Yredelemnul.
Yredelemnul was greatly pleased with you.
You visited 2 branches of the dungeon, and saw 8 of its levels.

You collected 308 gold pieces.

Inventory:

Hand Weapons
 a - a +2 hunting sling of freezing
 e - a +1 short sword of venom
 s - a +0 trident (weapon)
Missiles
 f - 150 stones
 k - 6 atropa-tipped darts
 m - a curare-tipped dart
Armour
 c - a +1 kite shield (worn)
 t - a +0 pair of gloves (worn)
 w - a +0 helmet (worn)
 A - a +0 leather armour of fire resistance
 E - a +0 chain mail (worn)
Jewellery
 n - a ring of magical power
 o - a ring of poison resistance (right hand)
 z - a +4 ring of evasion (left hand)
 C - an amulet of magic regeneration
Scrolls
 g - 2 scrolls of teleportation
 h - a scroll of amnesia
 q - 3 scrolls of enchant armour
 D - 2 scrolls of immolation
Potions
 d - a potion of might
 i - 2 potions of haste
 j - 2 potions of flight
 l - a potion of invisibility
 r - a potion of mutation
 u - a potion of heal wounds {unknown}
 x - 2 potions of attraction


   Skills:
 + Level 5.9 Fighting
 - Level 3.9(5.3) Axes
 + Level 4.4(5.0) Polearms
 + Level 6.8 Armour
 + Level 6.8 Shields
 * Level 9.6 Invocations


You had 8 spell levels left.
You didn't know any spells.
Your spell library was empty.

Dungeon Overview and Level Annotations

Branches:
Dungeon (7/15)             Temple (1/1) D:5

Altars:
Cheibriados
Dithmenos
Elyvilon
Fedhas
Gozag
Kikubaaqudgha
Nemelex Xobeh
Okawaru
Qazlal
Ru
Sif Muna
Uskayaw
Vehumet
Wu Jian
Yredelemnul
Zin
The Shining One

Annotations:
D:2 1 runed translucent door, Crazy Yiuf
D:3 Edmund


Innate Abilities, Weirdness & Mutations

You are resistant to damage.
You can heal yourself by infusing magical energy.
You passively map the area around you.
You do not regenerate.


Message History

You hit the acid dragon but do no damage.
The acid dragon is moderately wounded.
You block the water moccasin's attack. x2
The acid dragon completely misses you.
The acid dragon claws you but does no damage.
You closely miss the acid dragon.
The acid dragon is moderately wounded.
The water moccasin bites you! The acid dragon spits acid at you.
The splash of acid hits you! The acid corrodes you!
You are splashed with acid!
The water moccasin bites you but does no damage.
You barely miss the acid dragon.
The acid dragon is moderately wounded.
The water moccasin bites you. The acid dragon bites you!
* * * LOW HITPOINT WARNING * * *
You block the acid dragon's attack.
You hit the acid dragon.
The acid dragon is heavily wounded.
You block the water moccasin's attack. The acid dragon barely misses you.
The acid dragon claws you. The water moccasin closely misses you.
You block the acid dragon's attack. The acid dragon claws you.
You hit the acid dragon.
The acid dragon is heavily wounded.
You block the water moccasin's attack. The acid dragon bites you!
* * * LOW HITPOINT WARNING * * *
You block the acid dragon's attack.
The water moccasin bites you but does no damage.
Your shield prevents you from hitting the acid dragon.
The acid dragon is heavily wounded.
You block the water moccasin's attack. The acid dragon bites you.
* * * LOW HITPOINT WARNING * * *
You block the acid dragon's attack.
You barely miss the water moccasin. You block the water moccasin's attack.
The water moccasin bites you. The acid dragon spits acid at you.
The splash of acid hits you.
* * * LOW HITPOINT WARNING * * *
The acid corrodes you!
You are splashed with acid!
You die...
Your body rises from the dead as a mindless zombie.

#############
#.......Z!..#
###
#.#########.#
..# ##.#######
#.# #Z#
#Z#Z.....# #.#
#.####z#####.#
#D#
#..ZZZ.#####.
#@#
#............#
#S#
#.###..####..#
#.# #.# ##.# *
#.# ..#,
#.......h.†.#
###
..####..#####
### # , , ,*
** , **


You could see a water moccasin and an acid dragon (catching breath).

Vanquished Creatures
  Pikel (D:4)
  A hornet (D:6)
  Sigmund (D:6)
  Eustachio (D:6)
  An orc warrior (D:5)
  2 ice beasts
  3 ogres
  A black bear (D:5)
  2 kobold brigands
  Blork the orc (D:5)
  A gnoll sergeant (D:7)
  A scorpion (D:5)
  2 water moccasin skeletons (D:4)
  3 wights (D:6)
  2 orc priests
  A hound (D:4)
  An iguana (D:4)
  Natasha (twice) (D:2)
  2 orc wizards (D:5)
  A killer bee zombie (D:6)
  Robin (D:4)
  4 gnolls (D:3)
  An adder (D:4)
  An ufetubus (D:4)
  An adder skeleton (D:4)
  A worm (D:5)
  10 orcs
  9 ball pythons
  5 bats
  4 endoplasms
  2 giant cockroaches
  5 hobgoblins
  10 jackals
  17 kobolds
  2 quokkas
  5 frilled lizards
  10 goblins
  7 rats
125 creatures vanquished.

Vanquished Creatures (collateral kills)
  Joseph (D:7)
  A hornet (D:7)
  2 necrophages
  2 bullfrogs (D:7)
  A scorpion (D:5)
  A water moccasin skeleton (D:4)
  2 howler monkeys (D:7)
  2 hounds
  An orc priest (D:6)
  2 jellies
  Natasha (D:2)
  3 gnolls
  2 adders
  A white imp (D:6)
  A worm (D:2)
  6 orcs
  A ball python (D:3)
  2 endoplasms (D:2)
  4 goblins
  A hobgoblin (D:4)
  A frilled lizard (D:2)
  A kobold (D:6)
  A rat (D:2)
40 creatures vanquished.

Vanquished Creatures (others)
  4 flying skulls (D:7)
  A wight (D:6)
  A hornet zombie (D:6)
  A black bear zombie (D:5)
  2 ogre zombies
  2 adder zombies
  4 ball python zombies
  A frilled lizard zombie (D:2)
  A giant cockroach zombie (D:3)
  2 gnoll zombies
  4 goblin zombies
  A hobgoblin zombie (D:4)
  A human zombie (D:7)
  A jackal zombie (D:5)
  5 kobold zombies
  5 orc zombies
  A quokka zombie (D:3)
  A scorpion zombie (D:5)
  2 fungi (D:2)
40 creatures vanquished.

Grand Total: 205 creatures vanquished

Notes
Turn   | Place    | Note
-------+----------+-------------------------------------------
     0 | D:1      | PolarisCt the Deep Dwarf Fighter began the quest for the
                  | Orb.
     0 | D:1      | Reached XP level 1. HP: 20/20 MP: 1/1
   162 | D:1      | Reached XP level 2. HP: 24/27 MP: 2/2
   673 | D:1      | Found a faded altar of an unknown god.
   683 | D:1      | Became a worshipper of Yredelemnul the Dark
   683 | D:1      | Reached * piety under Yredelemnul
   965 | D:2      | Reached XP level 3. HP: 26/34 MP: 3/3
  1342 | D:2      | Noticed Natasha
  1351 | D:2      | Killed Natasha
  1352 | D:2      | Reached skill level 1 in Invocations
  1352 | D:2      | Reached XP level 4. HP: 9/42 MP: 4/4
  1392 | D:2      | Noticed Natasha
  1407 | D:2      | Killed Natasha
  1612 | D:2      | Found a runed translucent door.
  1613 | D:2      | Noticed Crazy Yiuf
  1660 | D:2      | Noticed Natasha
  1668 | D:2      | Killed Natasha
  1811 | D:3      | Reached ** piety under Yredelemnul
  1969 | D:3      | Reached XP level 5. HP: 42/49 MP: 5/5
  2061 | D:3      | Reached skill level 2 in Invocations
  2711 | D:4      | Noticed Edmund
  2790 | D:4      | Noticed Robin
  3207 | D:4      | Reached skill level 3 in Invocations
  3207 | D:4      | Reached XP level 6. HP: 53/56 MP: 5/5
  3263 | D:4      | Killed Robin
  3264 | D:4      | Reached *** piety under Yredelemnul
  3339 | D:4      | Noticed Pikel
  3347 | D:4      | Your ally Robin died
  3351 | D:4      | Killed Pikel
  3352 | D:4      | Reached skill level 1 in Polearms
  3352 | D:4      | Reached skill level 5 in Invocations
  3352 | D:4      | Reached XP level 7. HP: 29/64 MP: 7/7
  3544 | D:4      | Reached skill level 5 in Armour
  3862 | D:5      | Entered Level 5 of the Dungeon
  4047 | D:5      | Noticed Blork the orc
  4094 | D:5      | Reached skill level 5 in Shields
  4128 | D:5      | Killed Blork the orc
  4169 | D:5      | Reached skill level 6 in Invocations
  4169 | D:5      | Reached XP level 8. HP: 39/73 MP: 8/8
  4232 | D:5      | Found a staircase to the Ecumenical Temple.
  4267 | Temple   | Entered the Ecumenical Temple
  5148 | D:5      | Reached skill level 7 in Invocations
  5351 | D:5      | Received a gift from Yredelemnul (a wight)
  5445 | D:5      | Reached skill level 5 in Fighting
  5800 | D:6      | Noticed Sigmund
  5808 | D:6      | Killed Sigmund
  5942 | D:6      | Reached skill level 8 in Invocations
  6168 | D:6      | Noticed a hornet
  6178 | D:6      | Killed a hornet
  6179 | D:6      | Gained mutation: You passively map the area around you.
                  | [Deep Dwarf growth]
  6179 | D:6      | Reached XP level 9. HP: 49/81 MP: 10/10
  6548 | D:6      | Found a sparkling altar of Nemelex Xobeh.
  6548 | D:6      | Found a shimmering blue altar of Sif Muna.
  6759 | D:6      | Noticed Eustachio
  6774 | D:6      | Killed Eustachio
  6775 | D:6      | Received a gift from Yredelemnul (4 flying skulls)
  6993 | D:7      | Reached skill level 9 in Invocations
  7061 | D:7      | Noticed Joseph
  7093 | D:7      | Killed Joseph
  7216 | D:7      | Reached **** piety under Yredelemnul
  7222 | D:7      | Your ally Joseph died
  7238 | D:7      | HP: 4/82 [acid dragon/splash of acid (5)]
  7238 | D:7      | Splashed by an acid dragon's acid

Illustrated notes

Levels and vault maps discovered:
D:1:      erik_arrival_cave_to_civilisation [erik_arrival_cave_to_hall],
          layout_loops_ring, ebering_ecumenical_altar_sacrificial
D:2:      layout_basic, uniq_natasha, uniq_crazy_yiuf_cottage
D:3:      layout_loops_ring, chequers_serial_rivers_micro_e
D:4:      layout_gridville, uniq_robin, uniq_pikel, uniq_edmund
D:5:      layout_layer_cave, minmay_temple_entry_ruins,
          kennysheep_generic_room_11, uniq_blork_the_orc
D:6:      layout_gridville, gammafunk_temple_overflow_pools,
          minmay_misc_feat_ornament, uniq_sigmund, uniq_eustachio
D:7:      layout_loops_ring, kennysheep_nub, nrook_campfire, bh_walls_and_bars,
          uniq_joseph
Temple:   regret_index_temple_generic_petals

Skill      XL: |  1  2  3  4  5  6  7  8  9 |
---------------+----------------------------+-----
Fighting       | 3 4 5 |  5.9
Axes           | 3 |  3.9
Invocations    | 1 3 5 6 8 9 |  9.6
Armour         | 4 5 6 |  6.8
Shields        | 4 5 6 |  6.8
Polearms       | 1 2 3 4 |  4.4

Action                   |  1- 3 |  4- 6 |  7- 9 || total
-------------------------+-------+-------+-------++-------
Melee: War axe           |    90 |    51 |       ||   141
       Spear             |       |     5 |       ||     5
       Trident           |       |    24 |   233 ||   257
       Short sword       |       |       |    26 ||    26
 Fire: Hunting sling     |     3 |    67 |    59 ||   129
Throw: Stone             |    20 |       |       ||    20
       Dart              |       |     2 |     5 ||     7
Invok: Animate Remains   |     5 |    14 |       ||    19
       Recall Undead Sla |       |     1 |       ||     1
       Animate Dead      |       |     1 |    20 ||    21
 Abil: Heal Wounds       |       |     6 |     8 ||    14
  Use: Scroll            |       |       |    13 ||    13
 Stab: Distracted        |       |     2 |       ||     2
Armor: Scale mail        |    35 |    41 |    74 ||   150
       Ring mail         |       |       |    19 ||    19
       Chain mail        |       |       |    15 ||    15
Dodge: Dodged            |    20 |    28 |   103 ||   151
Block: Kite shield       |    46 |    75 |   163 ||   284

Table legend: (Time is in decaauts)
 A = Elapsed time spent in this place.
 B = Non-inter-level travel time spent in this place.
 C = Inter-level travel time spent in this place.
 D = Time resting spent in this place.
 E = Time spent auto-exploring this place.
 F = Levels seen in this place.
 G = Mean time per level.
                   A        B        C        D        E       F      G
               +--------+--------+--------+--------+--------+-----+--------+
         Total |   7475 |   7108 |    367 |    307 |   3655 |   8 |  934.4 |
       Dungeon |   7175 |   6839 |    336 |    307 |   3443 |   7 | 1025.0 |
        Temple |    299 |    268 |     31 |      0 |    212 |   1 |  299.0 |
               +--------+--------+--------+--------+--------+-----+--------+

Top non-repeatable levels by time:
     D:6: 1508 daAuts
     D:4: 1210 daAuts
     D:5: 1110 daAuts
     D:3: 1067 daAuts
     D:1: 990 daAuts
     D:2: 891 daAuts
     D:7: 396 daAuts
  Temple: 299 daAuts
